 Dungeon Crawl Stone Soup version 0.30-a0-465-g8901f6c8b5 (webtiles) character file.

Game seed: 7664559022944161261

20 PyroL the Grasshopper (level 2, -5/25 HPs)
             Began as a Draconian Warper on Dec 19, 2022.
             Slain by Terence
             ... wielding a +0 morningstar
              (10 damage)
             ... on level 2 of the Dungeon.
             The game lasted 00:01:24 (722 turns).

PyroL the Grasshopper (Draconian Warper)             Turns: 722, Time: 00:01:24

Health: -5/25      AC:  6    Str: 13    XL:     2   Next: 58%
Magic:  5/5        EV: 12    Int: 13    God:
Gold:   82         SH:  0    Dex: 10    Spells: 5/5 levels left

rFire   . . .      SeeInvis .    a - +0 mace
rCold   . . .      Faith    .    (no shield)
rNeg    . . .      Spirit   .    (body armour unavailable)
rPois   .          Reflect  .    (helmet restricted)
rElec   .          Harm     .    d - +1 cloak
rCorr   .          Rampage  .    (no gloves)
Will    .....                    (no boots)
Stlth   +.........               (no amulet)
HPRegen 0.24/turn                (no ring)
MPRegen 0.09/turn                (no ring)

@: no status effects
A: AC +4, unfitting armour, cold-blooded
a: no special abilities


You were on level 2 of the Dungeon.
You visited 1 branch of the dungeon, and saw 2 of its levels.

You collected 82 gold pieces.

Inventory:

Hand Weapons
 a - a +0 mace (weapon)
Missiles
 c - 7 boomerangs of dispersal (quivered)
Armour
 d - a +1 cloak (worn)
Scrolls
 b - a scroll of blinking
 e - a scroll of fear {unknown}
 g - a scroll of amnesia {unknown}
 h - a scroll of torment {unknown}
Potions
 f - 2 potions of curing {unknown}
 i - a potion of attraction {unknown}


   Skills:
 + Level 2.6 Fighting
 - Level 2.0 Maces & Flails
 - Level 0.8 Throwing
 - Level 2.1 Dodging
 + Level 2.4 Spellcasting
 + Level 3.3 Translocations


You had 5 spell levels left.
You didn't know any spells.
Your spell library contained the following spells:

 Spells                   Type           Power      Damage    Failure   Level
 Blink                    Tloc           20%        N/A       10%         2
 Gell's Gravitas          Tloc           10%        N/A       19%         3
 Lesser Beckoning         Tloc           20%        N/A       19%         3
 Teleport Other           Tloc           10%        N/A       19%         3
 Vhi's Electric Charge    Tloc/Air       10%        N/A       36%         3
 Manifold Assault         Tloc           10%        N/A       52%         4
 Dispersal                Tloc           5%         N/A       100%        6


Dungeon Overview and Level Annotations

Branches:
Dungeon (2/15)

Altars:

Annotations:
D:2 Terence


Innate Abilities, Weirdness & Mutations

Your plain brown scales are hard. (AC +4)
You cannot fit into any form of body armour.
You are cold-blooded and may be slowed by cold attacks.


Message History

Terence is nearby!
There is a stone staircase leading up here.
Terence is nearby!
You hit Terence but do no damage. Terence hits you but does no damage.
You closely miss Terence.
You tail-slap Terence, but do no damage.
Terence barely misses you.
You hit Terence but do no damage. Terence closely misses you.
You closely miss Terence.
Your tail-slap misses Terence.
Terence closely misses you. x2
You closely miss Terence. Terence hits you with a +0 morningstar.
You barely miss Terence. Terence barely misses you.
You closely miss Terence. Terence barely misses you.
Terence shouts, "Get ready for death!"
Terence closely misses you.
You closely miss Terence. Terence hits you with a +0 morningstar.
You hit Terence but do no damage. Terence barely misses you.
You hit Terence.
Terence is lightly wounded.
Terence hits you with a +0 morningstar!
* * * LOW HITPOINT WARNING * * *
Terence completely misses you.
You are too injured to fight recklessly!
You are too injured to fight recklessly!
You are too injured to fight recklessly!
You hit Terence but do no damage.
Terence is lightly wounded.
Terence barely misses you.
You hit Terence but do no damage.
Your tail-slap misses Terence.
Terence is lightly wounded.
Terence hits you with a +0 morningstar.
* * * LOW HITPOINT WARNING * * *
You hit Terence.
Terence is moderately wounded.
Terence closely misses you.
You hit Terence.
Terence is moderately wounded.
Terence shouts, "ATTACK!!!"
Terence hits you with a +0 morningstar!
You die...

. ............ ...
.......... ....
.........
....##.#...#.#
....?......#.#
.......$..##.### .
....!........... ..
....#....###.###.#..
.(...#.#..##@.......
#... #.#...@..##.#..
#...................
#....#.#.###..##....
. . .#.### #........
. .. ......... .#
..>...... ..
........ .##.##...


You could see Terence.

Vanquished Creatures
  3 endoplasms (D:1)
  A giant cockroach (D:1)
  A goblin (D:1)
  2 jackals (D:1)
  A kobold (D:1)
  4 quokkas (D:1)
  3 ball pythons (D:1)
  A frilled lizard (D:1)
16 creatures vanquished.

Notes
Turn   | Place    | Note
-------+----------+-------------------------------------------
     0 | D:1      | PyroL the Draconian Warper began the quest for the Orb.
     0 | D:1      | Reached XP level 1. HP: 17/17 MP: 3/3
   199 | D:1      | Reached XP level 2. HP: 25/25 MP: 5/5
   700 | D:2      | Noticed Terence
   722 | D:2      | Slain by Terence

Illustrated notes

Levels and vault maps discovered:
D:1:      dpeg_arrival_arbitrary_c, layout_loops_ring,
          wander_ebering_terrifying_dragon_lair
D:2:      layout_basic, uniq_terence

Action                   || total
-------------------------++-------
Melee: Mace              ||    58
       Tailslap          ||     3
Armor: Skin              ||    15
Dodge: Dodged            ||    46

Table legend: (Time is in decaauts)
 A = Elapsed time spent in this place.
 B = Non-inter-level travel time spent in this place.
 C = Inter-level travel time spent in this place.
 D = Time resting spent in this place.
 E = Time spent auto-exploring this place.
 F = Levels seen in this place.
 G = Mean time per level.
                   A        B        C        D        E       F      G
               +--------+--------+--------+--------+--------+-----+--------+
         Total |    738 |    686 |     52 |      0 |    498 |   2 |  369.0 |
       Dungeon |    738 |    686 |     52 |      0 |    498 |   2 |  369.0 |
               +--------+--------+--------+--------+--------+-----+--------+

Top non-repeatable levels by time:
     D:1: 704 daAuts
     D:2: 34 daAuts
